 Dungeon Sprint DCSS version 0.22-a0-392-g5dc3fd9af9 (webtiles) character file.

12945 Cashmere the Swashbuckler (level 11, -1/67 HPs)
             Began as a Spriggan Assassin on May 1, 2018.
             Was the Champion of Makhleb.
             Killed by divine providence
             ... invoked by an orc high priest
              (12 damage)
             ... in the Dungeon (Sprint IX: "|||||||||||||||||||||||||||||").
             The game lasted 00:03:04 (980 turns).

Cashmere the Swashbuckler (Spriggan Assassin)        Turns: 980, Time: 00:03:05

Health: -1/67      AC:  5    Str: 10    XL:     11   Next: 69%
Magic:  12/12      EV: 31    Int: 16    God:    Makhleb [******]
Gold:   1282       SH:  0    Dex: 21    Spells: 10/10 levels left

rFire    . . .     SeeInvis +   q - +2 rapier (drain)
rCold    . . .     Gourm    .   (shield restricted)
rNeg     . . .     Faith    .   B - +2 robe {Archmagi}
rPois    .         Spirit   .   (helmet restricted)
rElec    .         Reflect  .   d - +0 cloak
rCorr    .         Harm     .   (gloves unavailable)
MR       +....     NoTele   +   (boots unavailable)
Stlth    +++++++...             (no amulet)
HPRegen  0.21/turn              r - +3 ring of intelligence
MPRegen  0.13/turn              s - +3 ring of strength

@: very quick
A: very small, unfitting armour, see invisible, herbivore, speed 3, slow
metabolism 2
a: Minor Destruction, Lesser Servant of Makhleb, Major Destruction, Greater
Servant of Makhleb, Renounce Religion


You were in the Dungeon.
You worshipped Makhleb.
Makhleb was exalted by your worship.
You were not hungry.

You visited 1 branch You collected 1282 gold pieces.

Inventory:

Hand Weapons
 a - a +2 dagger
 b - a +0 blowgun
 q - a +2 rapier of draining (weapon)
Missiles
 e - 8 poisoned needles
 f - 2 curare-tipped needles
Armour
 c - a +0 robe
 d - a +0 cloak (worn)
 A - a +0 robe of cold resistance
 B - a +2 robe of the Archmagi (worn)
Magical Staves
 u - an uncursed staff of earth
Jewellery
 r - a +3 ring of intelligence (left hand)
 s - a +3 ring of strength (right hand)
Wands
 p - a wand of acid (4)
 z - a wand of digging (3)
Scrolls
 m - 2 scrolls of blinking
 n - 3 scrolls of remove curse
 o - 2 scrolls of amnesia
 t - a scroll of fear
 v - a scroll of identify
 w - 2 scrolls of fog
 x - 2 scrolls of enchant armour
 y - 2 scrolls of enchant weapon
Potions
 h - 5 potions of curing
 i - 6 potions of heal wounds
 j - 3 potions of haste
 k - 4 potions of magic
 l - 2 potions of agility
Comestibles
 g - 11 rations


   Skills:
 + Level 12.6 Fighting
 + Level 20.4 Short Blades
 - Level 2.0 Throwing
 + Level 12.9 Dodging
 + Level 19.1 Stealth


You had 10 spell levels left.
You didn't know any spells.

Dungeon Overview and Level Annotations

Branches:
Dungeon (1/1)

Altars:
Cheibriados
Dithmenos
Elyvilon
Fedhas
Gozag
Hepliaklqana
Kikubaaqudgha
Makhleb
Nemelex Xobeh
Okawaru
Qazlal
Ru
Sif Muna
Trog
Uskayaw
Vehumet
Wu Jian
Xom
Yredelemnul
Zin
The Shining One
Beogh
Jiyva
Lugonu

Shops:
D *!}=


Innate Abilities, Weirdness & Mutations

You are very small and have problems with some larger weapons.
You are too small for most types of armour.
You have supernaturally acute eyesight. (SInv)
You are a herbivore.
You cover ground extremely quickly.
You need to consume almost no food.


Message History

The smoke demon gestures at you. Beogh smites you!
* * * LOW HITPOINT WARNING * * *
You puncture the orc high priest! You drain the orc high priest!
The orc high priest is heavily wounded.
The orc high priest hits you with a halberd!
* * * LOW HITPOINT WARNING * * *
You closely miss the orc high priest.
The orc high priest is heavily wounded.
The hellwing closely misses you. The hellwing completely misses you.
An orc high priest comes into view. It is wielding a halberd.
The orc high priest shouts!
You puncture the orc high priest! You drain the orc high priest!
The orc high priest is severely wounded.
The orc high priest prays to Beogh.
You closely miss the orc high priest.
The orc high priest is severely wounded.
The orc high priest invokes the aid of Beogh against you.
Beogh smites you!
You die...

▓▓▓▓▓▓▓▓▓▓▓▓▓▓▓▓▓▓▓▓▓▓▓▓
oo3o4oo@4$))'.....)))))[
▓▓▓▓▓▓▓▓▓▓▓▓▓▓▓▓▓▓▓▓▓▓▓▓▓▓▓▓▓▓▓▓▓
.................................
▓▓▓▓▓▓▓▓▓▓▓▓▓▓▓▓▓▓▓▓▓▓▓▓▓▓▓▓▓▓▓▓▓
.[[[[..').)..†.††††.'........††..
▓▓▓▓▓▓▓▓▓▓▓▓▓▓▓▓▓▓▓▓▓▓▓▓▓▓▓▓▓▓▓▓▓
.................................
▓▓▓▓▓▓▓▓▓▓▓▓▓▓▓▓▓▓▓▓▓▓▓▓▓▓▓▓▓▓▓▓▓
)))'....†()..[[[)|..'____________


You could see 4 orc high priests, an orange demon, a hellwing, a smoke demon and
an orc priest.

Vanquished Creatures
  A catoblepas (D)
  2 centaur warriors (D)
  2 orc high priests (D)
  6 death yaks (D)
  An orc knight (D)
  2 orc sorcerers (D)
  2 komodo dragons (D)
  A troll (D)
  3 blink frogs (D)
  A hippogriff (D)
  A wyvern (D)
  2 yaks (D)
  Grum (D)
  A steam dragon (D)
  3 water moccasins (D)
  A porcupine (D)
  9 orc warriors (D)
  An ice beast (D)
  A phantom (D)
  4 wolves (D)
  2 centaurs (D)
  2 crocodiles (D)
  5 bullfrogs (D)
  A scorpion (D)
  A hound (D)
  9 orc priests (D)
  A jelly (D)
  2 orc wizards (D)
  A worker ant (D)
  A leopard gecko (D)
  6 orcs (D)
  3 goblins (D)
  A leopard gecko skeleton (D)
  2 rats (D)
82 creatures vanquished.

Vanquished Creatures (others)
  A scorpion (D)
1 creature vanquished.

Grand Total: 83 creatures vanquished

Notes
Turn   | Place    | Note
-------+----------+-------------------------------------------
     0 | D        | Cashmere the Spriggan Assassin began the quest for the Orb.
     0 | D        | Reached XP level 1. HP: 10/10 MP: 2/2
     5 | D        | Reached skill level 3 in Short Blades
    11 | D        | Reached skill level 4 in Short Blades
    16 | D        | Noticed a phantom
    16 | D        | Noticed an ice beast
    16 | D        | Noticed a jelly
    20 | D        | Killed a jelly
    20 | D        | Reached skill level 7 in Short Blades
    20 | D        | Reached XP level 2. HP: 14/14 MP: 3/3
    20 | D        | Reached XP level 3. HP: 18/18 MP: 4/4
    25 | D        | Killed an ice beast
    25 | D        | Reached skill level 10 in Short Blades
    25 | D        | Reached XP level 4. HP: 22/22 MP: 5/5
    32 | D        | Killed a phantom
    32 | D        | Reached skill level 12 in Short Blades
    32 | D        | Reached XP level 5. HP: 25/25 MP: 6/6
    40 | D        | Found a roughly hewn altar of Beogh.
    40 | D        | Found a snail-covered altar of Cheibriados.
    40 | D        | Found a shadowy altar of Dithmenos.
    40 | D        | Found a white marble altar of Elyvilon.
    40 | D        | Found a blossoming altar of Fedhas.
    40 | D        | Found an opulent altar of Gozag.
    41 | D        | Found a hazy altar of Hepliaklqana.
    42 | D        | Found a viscous altar of Jiyva.
    43 | D        | Found an ancient bone altar of Kikubaaqudgha.
    44 | D        | Found a corrupted altar of Lugonu.
    45 | D        | Found a burning altar of Makhleb.
    46 | D        | Found a sparkling altar of Nemelex Xobeh.
    47 | D        | Found an iron altar of Okawaru.
    48 | D        | Found a stormy altar of Qazlal.
    49 | D        | Found a sacrificial altar of Ru.
    50 | D        | Found a deep blue altar of Sif Muna.
    51 | D        | Found a bloodstained altar of Trog.
    52 | D        | Found a hide-covered altar of Uskayaw.
    53 | D        | Became a worshipper of Makhleb the Destroyer
    54 | D        | Found a radiant altar of Vehumet.
    55 | D        | Found an ornate altar of the Wu Jian Council.
    56 | D        | Found a shimmering altar of Xom.
    57 | D        | Found a basalt altar of Yredelemnul.
    58 | D        | Found a glowing silver altar of Zin.
    59 | D        | Found a glowing golden altar of the Shining One.
    91 | D        | Noticed a centaur
    91 | D        | Noticed a wyvern
   104 | D        | Reached XP level 6. HP: 21/30 MP: 7/7
   107 | D        | Killed a wyvern
   109 | D        | Reached * piety under Makhleb
   121 | D        | Noticed a troll
   121 | D        | Noticed a hippogriff
   121 | D        | Noticed a centaur warrior
   121 | D        | Noticed a centaur warrior
   123 | D        | Reached ** piety under Makhleb
   123 | D        | Reached skill level 13 in Short Blades
   123 | D        | Reached XP level 7. HP: 35/35 MP: 8/8
   125 | D        | Killed a centaur warrior
   125 | D        | Reached XP level 8. HP: 42/42 MP: 9/9
   127 | D        | Killed a centaur warrior
   127 | D        | Reached skill level 5 in Fighting
   127 | D        | Reached skill level 15 in Short Blades
   127 | D        | Reached skill level 5 in Dodging
   129 | D        | Killed a hippogriff
   129 | D        | Reached XP level 9. HP: 48/48 MP: 10/10
   131 | D        | Reached *** piety under Makhleb
   134 | D        | Killed a troll
   260 | D        | Noticed a komodo dragon
   263 | D        | Reached **** piety under Makhleb
   263 | D        | Reached skill level 16 in Short Blades
   289 | D        | Killed a komodo dragon
   294 | D        | Reached ***** piety under Makhleb
   315 | D        | Noticed a komodo dragon
   318 | D        | Reached skill level 17 in Short Blades
   353 | D        | Killed a komodo dragon
   353 | D        | Reached XP level 10. HP: 37/57 MP: 11/11
   383 | D        | Reached ****** piety under Makhleb
   410 | D        | Noticed a death yak
   410 | D        | Noticed a catoblepas
   410 | D        | Noticed a death yak
   410 | D        | Noticed a death yak
   410 | D        | Noticed a death yak
   411 | D        | Noticed a death yak
   412 | D        | Killed a death yak
   412 | D        | Reached skill level 18 in Short Blades
   413 | D        | Noticed a death yak
   414 | D        | Killed a death yak
   414 | D        | Reached skill level 10 in Fighting
   418 | D        | Killed a death yak
   418 | D        | Reached skill level 10 in Dodging
   420 | D        | Killed a catoblepas
   420 | D        | Reached skill level 19 in Short Blades
   434 | D        | Killed a death yak
   437 | D        | Killed a death yak
   437 | D        | Reached XP level 11. HP: 65/65 MP: 12/12
   469 | D        | Killed a death yak
   543 | D        | Noticed Grum
   555 | D        | Killed Grum
   713 | D        | Noticed an orc sorcerer
   713 | D        | Noticed an orc knight
   719 | D        | Killed an orc knight
   719 | D        | Reached skill level 20 in Short Blades
   724 | D        | Paralysed by an orc sorcerer for 4 turns
   731 | D        | Killed an orc sorcerer
   735 | D        | Noticed an orc sorcerer
   754 | D        | Killed an orc sorcerer
   908 | D        | Found Woam Wapire's Jewellery Boutique.
   908 | D        | Noticed an orc high priest
   908 | D        | Noticed an orc high priest
   909 | D        | Noticed an orc high priest
   920 | D        | Killed an orc high priest
   921 | D        | Found Aqiowkan's Gadget Shop.
   927 | D        | Noticed an orc high priest
   936 | D        | Found Pig Lud's Distillery.
   937 | D        | Noticed an orc high priest
   949 | D        | Killed an orc high priest
   972 | D        | Found Astiurphi's Assorted Antiques.
   979 | D        | Noticed an orc high priest
   980 | D        | Killed from afar by an orc high priest

Vault maps used:
D:        linesprint

Skill      XL: |  1  2  3  4  5  6  7  8  9 10 11 |
---------------+----------------------------------+-----
Short Blades   | 7 10 12 13 15 17 19 20 | 20.4
Stealth        | 8 13 17 19 | 19.1
Fighting       | 2 3 6 8 11 12 | 12.6
Dodging        | 2 3 5 7 11 12 | 12.9
Throwing       | |  2.0

Action                   |  1- 3 |  4- 6 |  7- 9 | 10-12 || total
-------------------------+-------+-------+-------+-------++-------
Melee: Dagger            |    12 |    10 |       |       ||    22
       Rapier            |       |    22 |    74 |   261 ||   357
Evoke: Wand              |       |       |       |     6 ||     6
  Use: Potion            |     1 |     1 |     1 |       ||     3
 Stab: Sleeping          |     5 |     1 |     7 |    12 ||    25
       Invisible         |       |     3 |       |       ||     3
       Distracted        |       |       |       |     1 ||     1
Armor: Robe              |     1 |       |     1 |     3 ||     5
Dodge: Dodged            |     1 |    13 |    25 |   126 ||   165

Table legend:
 A = Spawn XP
 B = Non-spawn XP
 C = Spawn XP percentage of total XP
 D = Spawn monster count
 E = Non-spawn monster count
 F = Spawn count percentage of total count
 G = Total turns spent on level
                    A         B        C        D         E        F      G
               +---------+---------+-------+---------+---------+-------+---------
         Total |       0 |   18494 |   0.0 |       0 |      83 |   0.0 |   980
               +---------+---------+-------+---------+---------+-------+---------
             D |       0 |   18494 |   0.0 |       0 |      83 |   0.0 |   980
               +---------+---------+-------+---------+---------+-------+---------
